[Event "Metz op 31th"]
[Site "Metz"]
[Date "2013.04.20"]
[Round "1"]
[White "Doluhanova, Evgeniya"]
[Black "Bauer, Christian"]
[Result "1/2-1/2"]
[ECO "B27"]
[WhiteElo "2332"]
[BlackElo "2637"]
[Annotator "Metz Alekhine/Primel,D"]
[PlyCount "126"]
[EventDate "2013.04.20"]
[EventType "swiss"]
[EventRounds "9"]
[EventCountry "FRA"]
[SourceTitle "EXT 2016"]
[Source "ChessBase"]
[SourceDate "2015.10.08"]
[SourceVersion "1"]
[SourceVersionDate "2015.10.08"]
[SourceQuality "1"]
[TimeControl "40/5400:1800+30"]
[WhiteClock "1:30:00"]
[BlackClock "1:30:00"]

1. e4 c5 2. Nf3 b6 $5 {Une ligne secondaire souvent jouée par le GMI} 3. d4 (
3. c4 {Laisse l'option de transposer dans une anglaise} e6 4. Nc3 Bb7 5. d4
cxd4 6. Nxd4 a6 7. Nc2 {Grosar,A (2495)-Efimov,I (2530) Ljubljana 1997 (2) 1-0}
) 3... cxd4 4. Nxd4 Bb7 5. Bd3 Na6 $5 {[%cal Ga6c5,Gc5d3,Gc5e4] Un plan un peu
lent mais le Bd3 est une pièce importante dans ce genre de structure} (5... e6
6. O-O a6 {Transpose sur une Kan}) (5... d6 6. c4 Nc6 $1 7. Nc2 (7. Be3 Ne5
$132 ) 7... Nf6 $11 {Burkett,M (2275)-Sferra,B (2250)
CalChess Masters 1983 (9) 0-1}) (5... e6 6. O-O a6 7. b3 d6 8. Bb2 Nf6 9. Qe2
Be7 10. c4 O-O 11. Nd2 Nbd7 12. Rad1 Qc7 13. f4 Rfe8 14. Kh1 g6 15. Bb1 Rad8
16. N2f3 Nh5 17. Qd2 Nc5 18. Qe3 Bf8 19. Ne2 Nd7 20. Ng5 b5 21. cxb5 axb5 22.
Qh3 h6 23. Nf3 Nhf6 24. Nd2 Bg7 25. Nd4 Qb6 26. Qf3 e5 27. fxe5 Nxe5 28. Qg3 d5
29. exd5 Rxd5 30. Ne4 Nh5 31. Qf2 Red8 32. Bc2 R8d7 33. Ne2 Qxf2 34. Nxf2 Rd2
35. Bxe5 {Paehtz,E (2452)-Koneru,H (2607) Beijing 2013 0-1}) 6. O-O Nc5 7. Nc3
$146 (7. Qe2 g6 8. f4 Nf6 9. Nc3 a6 10. e5 Nd5 11. Nxd5 Bxd5 12. c4 Bb7 13. Bc2
Qc7 14. f5 gxf5 15. Nxf5 O-O-O 16. b4 Rg8 17. Ng3 Ne6 18. Bxh7 Rh8 19. Be4 Bg7
20. Bxb7+ Kxb7 21. Bb2 Rh4 22. Rac1 Bh6 23. Rc3 Bf4 24. Rcf3 Bxg3 25. Rxg3 Rxc4
26. Rxf7 Rc2 27. Qe4+ Kb8 28. Rf2 Rxb2 {0-1 (28) Chau,O (2184)-Philippe,C 
(2371) Vandoeuvre 2004}) 7... e6 8. a3 $6 {[%cal Gb2b4] Un plan bizarre pour
chasser le Nc5} (8. Be3) 8... Rc8 $1 9. b4 {[%csl Rc3] La suite logique après
avoir joué "a3" mais les Blancs vont avoir du mal à jouer ensuite la
poussée "c4"} Nxd3 10. Qxd3 Nf6 (10... d6) 11. e5 (11. Bd2) 11... Qc7 12. exf6
Qxc3 {Réfutant le plan douteux a3b4} 13. Qxc3 Rxc3 14. Be3 (14. Bb2) 14...
gxf6 15. Nb5 Rg8 $1 {[%csl Gb7,Rg2] Menace d'un tourniquet} 16. g3 Rxe3 $1 17.
fxe3 a6 18. Nd4 f5 19. c4 h5 20. Rad1 Be4 (20... h4 21. Kf2 hxg3+ 22. hxg3) 21.
Kf2 Bg7 22. Rd2 Ke7 23. Rc1 Bf6 24. Nf3 Rc8 25. c5 Rc7 26. h4 Rc8 27. Nd4 $14
b5 28. Ne2 Be5 29. Rcd1 {Les R commencent à s'activer et les Noirs n'ont
peut-être pas assez de compensations} Rc7 30. Rd6 Ra7 31. R6d2 (31. Rb6 $2 Bc7
) 31... a5 $1 32. bxa5 Bc6 33. Nd4 Bxd4 34. exd4 Rxa5 35. Rd3 Ra4 36. Rc3 Ra8
37. Rd2 Rg8 38. Re3 Kf6 39. Ke1 Rg4 40. Kd1 Kg6 41. Kc2 f6 42. Kc3 f4 $1 43. gxf4 Rxh4 44. Rg3+ Kf5 45.
Rg8 Rh3+ 46. Kb4 h4 47. Rh8 Rh1 48. Ka5 {[%csl Ra5,Gf5] Le plan des Blancs de
pénétration du K à l'aile-dame est assez douteux car le Bc6 defend bien les
faiblesses alors que le K Noir est nettement plus actif} Ke4 49. Kb6 f5 50. Rd8
Ke3 51. Rb2 Kxd4 $15 52. Re2 Kc4 53. Rd2 {[%cal Gd2d7] les Blancs vont devoir
lacher une qualité sur "d7" pour tenter de progresser} b4 54. axb4 Rb1 $1 {
Retour de baton pour le K Noir} 55. R2xd7 Bxd7 56. Rxd7 Rxb4+ 57. Kc6 Rb5 58.
Kd6 Rxc5 59. Kxe6 Ra5 60. Kf6 (60. Rh7 $11) 60... h3 61. Rh7 Kd4 62. Kg5 Ke4
63. Rxh3 Ra1 1/2-1/2

[Event "Tata Steel-B 79th"]
[Site "Wijk aan Zee"]
[Date "2017.01.21"]
[Round "7"]
[White "Xiong, Jeffery"]
[Black "Dobrov, Vladimir"]
[Result "1-0"]
[ECO "B27"]
[WhiteElo "2667"]
[BlackElo "2499"]
[Annotator "Yermolinsky,A"]
[PlyCount "75"]
[EventDate "2017.01.14"]
[EventType "tourn"]
[EventRounds "13"]
[EventCountry "NED"]
[EventCategory "14"]
[SourceTitle "CBM 177"]
[Source "ChessBase"]
[SourceDate "2017.03.16"]
[SourceVersion "1"]
[SourceVersionDate "2017.03.16"]
[SourceQuality "1"]
[TimeControl "40/6000+30:20/3000+30:900+30"]

1. e4 c5 2. Nf3 b6 {[%emt 0:
01:15] 75} 3. g3 {[%emt 0:09:07] 547} Bb7 {[%emt 0:02:04] 124} 4. Qe2 g6 5. Bg2 Bg7 6. O-O Nf6 $146 (6... d6 7. h3 e5 8. d3 Ne7 9. Nc3
Nbc6 10. Nd5 O-O 11. c3 Nxd5 12. exd5 Ne7 13. c4 Qd7 14. a4 h6 15. Qd1 a6 16.
Bd2 f5 17. b4 cxb4 18. Bxb4 a5 19. Bc3 Rae8 20. Nd2 Nc8 21. Qb3 h5 22. f4 Ba6
23. Rae1 Qc7 24. Kh1 Bh6 25. fxe5 dxe5 26. d6 Nxd6 27. c5+ Nf7 28. cxb6 Qb8 29.
Nc4 e4 30. dxe4 Rc8 31. Nxa5 Bxf1 32. Rxf1 Rxc3 33. Qxc3 Qxb6 34. exf5 gxf5 35.
Rxf5 h4 36. Nc6 {Kuba,G (2383)-Alvir,A (2385) Gmunden 2005 1-0}) 7. e5 Nd5 8. d4 Nc7 9. Rd1 Qc8 10. c3 Bc6 11. h4 Qa6 12. Qe3 cxd4 13. cxd4 Nd5 14. Qe1 Qb7 15. h5 O-O 16. Nh4 Na6 17. a3 e6 18. Nd2 d6 19.
Nc4 dxe5 20. dxe5 Qe7 21. b4 g5 22. h6 Bxh6 23. Nd6 Nac7 24.
a4 ({White could play the immediate} 24. b5 $1 {that comes
with a venemous idea.} Nxb5 $2 (24... Bd7 {is the only move.}) 25. Bxd5 Bxd5
26. Rxd5 $1 exd5 27. Nhf5 Qe6 28. Nxh6+ Qxh6 29. Nxb5 $18) 24... Bg7 25. Nf3 f6 26. b5 Be8 27. Ba3 Qd7 28. Ne4 f5 29. Nexg5 Bh5 30. Bxf8 Rxf8 31. Rac1 Qe7 32. Rc6 f4 {[%emt 0:00:44] [#]} 33. Rxd5
$1 {[%emt 0:04:20] Finishing with style.} exd5 (33... Nxd5 34.
Nxe6 fxg3 35. Nxf8 Qxf8 36. Qe4) 34. Qb1 Bg6 35. Rxg6 hxg6 36. Qxg6 Rd8 37. Nh4 Kf8 38. Nf5 1-0